 Dungeon Crawl Stone Soup version 0.17-a0-1360-g37db002 (webtiles) character file.

543 Geomchi the Ducker (level 7, -2/46 HPs)
             Began as an Octopode Monk on June 11, 2015.
             Was a Believer of Cheibriados.
             Killed from afar by Dowan (20 damage)
             ... with a shard of ice
             ... on level 4 of the Dungeon.
             The game lasted 00:05:43 (3291 turns).

Geomchi the Ducker (Octopode Monk)                  Turns: 3291, Time: 00:05:43

Health: -2/46      AC:  1    Str: 20    XL:     7   Next: 27%
Magic:  7/7        EV: 18    Int: 19    God:    Cheibriados [**....]
Gold:   86         SH:  0    Dex: 21    Spells: 0 memorised, 6 levels left

rFire  . . .     SeeInvis .       - Unarmed
rCold  . . .     Clarity  .     (no shield)
rNeg   . . .     SustAt   .     (helmet restricted)
rPois  .         Gourm    .     (no amulet)
rElec  .         Spirit   .     d - +3 ring of strength
rCorr  .         Warding  .     (no ring)
rMut   .         Stasis   .     i - +2 ring of slaying
MR     .....                    (no ring)
Stlth  ++++......               (no ring)
                                (no ring)
                                (no ring)
                                (no ring)

@: lethally poisoned (-2 -> -16), slowed, very slow, not resistant to hostile
enchantments, stealthy
A: almost no armour, amphibious, 8 rings, constrict 8, camouflage 1, gelatinous
body 1
a: Bend Time, Renounce Religion


You were on level 4 of the Dungeon.
You worshipped Cheibriados.
Cheibriados was pleased with you.
You were not hungry.

You visited 1 branch of the dungeon, and saw 4 of its levels.

You collected 86 gold pieces.

Inventory:

Jewellery
 d - a +3 ring of strength (left tentacle)
 i - a +2 ring of slaying (on tentacle)
Scrolls
 b - 2 scrolls of identify {unknown}
 e - a scroll of random uselessness {unknown}
 f - a scroll of enchant weapon {unknown}
 g - a scroll of noise {unknown}
 h - a scroll of fog {unknown}
 l - a scroll of remove curse {unknown}
Potions
 j - 2 potions of might {unknown}
 k - a potion of poison {unknown}
 n - a potion of brilliance {unknown}
Comestibles
 a - 5 bread rations {@e1}
 c - a meat ration {@e2}
 m - 12 fruits


   Skills:
 - Level 3.0 Fighting
 + Level 6.7 Dodging
 - Level 2.6 Stealth
 - Level 6.0 Unarmed Combat


You had 6 spell levels left.
You didn't know any spells.

Dungeon Overview and Level Annotations

Branches:
Dungeon (4/15)
 Temple: D:4-7

Altars:
Ashenzari
Cheibriados

Annotations:
D:4 Dowan


Innate Abilities, Weirdness & Mutations

You cannot wear most types of armour.
You are amphibious.
You can wear up to eight rings at the same time.
You can use your tentacles to constrict eight enemies at once.
Your skin changes colour to match your surroundings (Stealth).
Your rubbery body absorbs attacks (AC +1).


Message History

You take 12 damage, and have 26/46 hp.
MASSIVE DAMAGE!!
You bludgeon Duvessa! You constrict Duvessa.
You feel sick. Duvessa completely misses you.
Dowan gestures wildly while chanting.
Dowan blinks!
You take 1 damage, and have 25/46 hp.
You tentacle-slap Duvessa.
You kill Duvessa!
Cheibriados thoroughly appreciates the change of pace.
Cheibriados raises the support of your attributes as your movement slows.
Dowan's eyes darken. "You have made a black mistake."
Dowan seems to find hidden reserves of power!
The kobold shoots a curare-tipped needle.
The curare-tipped needle hits you.
You are more poisoned.
You have difficulty breathing.
You feel as though you will be slow longer.
Dowan casts a spell at you. The shard of ice hits you!
You die...

..# ... #.# .## .##
#.# #. # .# #.# #.
.# #.# .# #.# .#
#.# # .# #.###
#.####.# #...#
#K)@...# #.#.#####
####.e#####†......#
#.....##)).≈.≈.#
#..###.....≈≈≈≈.#
#.## ##...≈≈.≈..#
#. #.#.≈.....# #.
#.#.......# ..
#.#.####### ? #<#.#


You could see Dowan and a kobold.

Vanquished Creatures
  Sigmund (D:3)
  Duvessa (D:4)
  A scorpion (D:4)
  An orc priest (D:4)
  Terence (D:3)
  An iguana (D:4)
  A worker ant (D:4)
  4 adders
  2 worms
  3 giant geckos
  15 orcs
  8 bats
  7 giant cockroaches
  6 hobgoblins
  7 jackals
  5 kobolds
  A quokka (D:3)
  A ball python (D:1)
  4 giant newts
  10 goblins
  5 rats
85 creatures vanquished.

Notes
Turn   | Place    | Note
--------------------------------------------------------------
     0 | D:1      | Geomchi the Octopode Monk began the quest for the Orb.
     0 | D:1      | Reached XP level 1. HP: 16/16 MP: 1/1
   161 | D:1      | Found a shattered altar of Ashenzari.
   174 | D:1      | Reached XP level 2. HP: 6/21 MP: 2/2
   776 | D:2      | Reached XP level 3. HP: 26/26 MP: 3/3
  1564 | D:2      | Reached XP level 4. HP: 27/31 MP: 4/4
  2124 | D:3      | Reached skill level 5 in Unarmed Combat
  2767 | D:3      | Found a faded altar to an unknown god.
  2780 | D:3      | Noticed Terence
  2800 | D:3      | Killed Terence
  2800 | D:3      | Reached XP level 5. HP: 24/36 MP: 5/5
  2924 | D:3      | Found a snail-covered altar of Cheibriados.
  2927 | D:3      | Noticed Sigmund
  2933 | D:3      | Became a worshipper of Cheibriados the Contemplative
  2933 | D:3      | Acquired Cheibriados's first power
  2941 | D:3      | Killed Sigmund
  2941 | D:3      | Reached skill level 5 in Dodging
  2941 | D:3      | Reached skill level 6 in Unarmed Combat
  2941 | D:3      | Reached XP level 6. HP: 42/42 MP: 6/6
  3235 | D:4      | Reached XP level 7. HP: 39/46 MP: 7/7
  3285 | D:4      | Noticed Duvessa
  3286 | D:4      | Noticed Dowan
  3291 | D:4      | Killed Duvessa
  3291 | D:4      | Killed from afar by Dowan

Vault maps used:
D:1:      dpeg_arrival_water_fire, ashenzari_altar_1
D:2:      first_bread, hex_tiny
D:3:      cheibriados_altar_1, ecumenical_altar_1, uniq_sigmund, uniq_terence
D:4:      nicolae_ru_sacrificial_ziggurat, led_sif_pool, dk_vineyard_3,
          uniq_natasha, uniq_duvessa

Action                   |  1- 3 |  4- 6 |  7- 9 || total
-------------------------+-------+-------+-------++-------
Melee: Unarmed           |    68 |    97 |     5 ||   170
 Stab: Sleeping          |     6 |     9 |       ||    15
       Distracted        |       |     2 |       ||     2
  Eat: Chunk             |     2 |     5 |       ||     7
